 Dungeon Crawl Stone Soup version 0.27-a0-679-g77a6b55cf3 (webtiles) character file.

Game seed: 12120661557448785905

17 Lanoc the Skirmisher (level 2, -3/26 HPs)
             Began as a Ghoul Berserker on Mar 18, 2021.
             Was a Follower of Trog.
             Slain by a hobgoblin
             ... wielding a +0 club
              (6 damage)
             ... on level 2 of the Dungeon.
             The game lasted 00:00:26 (240 turns).

Lanoc the Skirmisher (Ghoul Berserker)               Turns: 240, Time: 00:00:26

Health: -3/26      AC:  2    Str: 19    XL:     2   Next: 62%
Magic:  1/1        EV: 12    Int:  3    God:    Trog [*.....]
Gold:   9          SH:  0    Dex:  8    Spells: 1/1 levels left

rFire    . . .     SeeInvis .   a - +0 falchion
rCold    + . .     Faith    .   (no shield)
rNeg     + + +     Spirit   .   b - +0 animal skin
rPois    ∞         Reflect  .   (no helmet)
rElec    .         Harm     .   (no cloak)
rCorr    .         Rampage  .   (no gloves)
Will     .....                  (no boots)
Stlth    +.........             (no amulet)
HPRegen  0.00/turn              (no ring)
MPRegen  0.07/turn              (no ring)

@: no status effects
A: claws 1, cold resistance 1, negative energy resistance 3, inhibited
regeneration, torment resistance 2, unbreathing 1
a: Renounce Religion


You were on level 2 of the Dungeon.
You worshipped Trog.
Trog was aware of your devotion.
You visited 1 branch of the dungeon, and saw 2 of its levels.

You collected 9 gold pieces.

Inventory:

Hand Weapons
 a - a +0 falchion (weapon)
Armour
 b - a +0 animal skin (worn)


   Skills:
 + Level 3.5 Fighting
 * Level 3.0 Long Blades
 + Level 2.0 Armour
 + Level 2.0 Dodging


You had one spell level left.
You didn't know any spells.
Your spell library was empty.

Dungeon Overview and Level Annotations

Branches:
Dungeon (2/15)

Altars:


Innate Abilities, Weirdness & Mutations

You thrive by killing the living.
You are immune to poison.
You have sharp fingernails.
Your flesh is cold resistant. (rC+)
You are immune to negative energy. (rN+++)
You do not regenerate when monsters are visible.
You are immune to unholy pain and torment.
You can survive without breathing.


Message History

Trog accepts your kill.
No target in view!
There is a stone staircase leading down here.
You climb downwards.
A frilled lizard, a goblin and a kobold come into view.
The kobold shouts!
Found a fuming black potion and a scroll labelled XUQUTA YLLIMN.
Found a stone staircase leading down.
There is a stone staircase leading up here.
The goblin shouts!
The frilled lizard hisses angrily.
You hear a shout!
A kobold comes into view. It is wielding a +0 short sword.
A hobgoblin comes into view. It is wielding a +0 club.
The hobgoblin shouts!
The kobold throws a stone.
The stone closely misses you. The goblin barely misses you.
You completely miss the goblin. The goblin closely misses you.
You riposte.
You barely miss the goblin. The goblin hits you.
You closely miss the kobold.
The kobold hits you with a +0 short sword!
The goblin hits you.
* * * LOW HITPOINT WARNING * * *
You are too injured to fight recklessly!
You are too injured to fight recklessly!
The goblin closely misses you.
You riposte.
You closely miss the goblin. You hit the goblin.
You kill the goblin!
Trog accepts your kill. The hobgoblin hits you with a +0 club.
* * * LOW HITPOINT WARNING * * *
The kobold misses you.
You riposte.
You hit the kobold.
The kobold is severely wounded.
You closely miss the kobold.
The kobold is severely wounded.
The hobgoblin hits you with a +0 club.
* * * LOW HITPOINT WARNING * * *
The kobold barely misses you.
You closely miss the kobold.
The kobold is severely wounded.
The hobgoblin hits you with a +0 club.
You die...

.####...!#########
..................
........##........
........##........
#...>..<##........
.......K..........
#.......##lK......
#.......##gK......
#...K...##@.......
#....?l.##........
#.......##########
#########


You could see a hobgoblin, 2 kobolds and a frilled lizard.

Vanquished Creatures
  A dart slug (D:1)
  4 goblins
  4 jackals (D:1)
  3 bats (D:1)
  A frilled lizard (D:1)
13 creatures vanquished.

Notes
Turn   | Place    | Note
-------+----------+-------------------------------------------
     0 | D:1      | Lanoc the Ghoul Berserker began the quest for the Orb.
     0 | D:1      | Reached XP level 1. HP: 19/19 MP: 0/0
   203 | D:1      | Reached XP level 2. HP: 21/26 MP: 1/1
   240 | D:2      | Slain by a hobgoblin

Illustrated notes

Levels and vault maps discovered:
D:1:      saegor_arrival_simple_c, layout_basic
D:2:      layout_rooms, lemuel_blue_sif_altar,
          chequers_temple_overflow_statue_of_worship, minivault_11,
          chequers_garden

Skill      XL: |  1  2 |
---------------+-------+-----
Long Blades    | 3 |  3.0
Armour         | 2 |  2.0
Dodging        | 2 |  2.0
Fighting       | |  3.5

Action                   || total
-------------------------++-------
Melee: Falchion          ||    37
Armor: Animal skin       ||    14
Dodge: Dodged            ||    25
       Rpst.: Falchion   ||    10

Table legend: (Time is in decaauts)
 A = Elapsed time spent in this place.
 B = Non-inter-level travel time spent in this place.
 C = Inter-level travel time spent in this place.
 D = Time resting spent in this place.
 E = Time spent auto-exploring this place.
 F = Levels seen in this place.
 G = Mean time per level.
                   A        B        C        D        E       F      G
               +--------+--------+--------+--------+--------+-----+--------+
         Total |    245 |    245 |      0 |      0 |    179 |   2 |  122.5 |
       Dungeon |    245 |    245 |      0 |      0 |    179 |   2 |  122.5 |
               +--------+--------+--------+--------+--------+-----+--------+

Top non-repeatable levels by time:
     D:1: 235 daAuts
     D:2: 10 daAuts
